 Dungeon Crawl Stone Soup version 0.23.2-1-ga50397a (webtiles) character file.

Game seed: 7002757427903593877

13178 Kairos the Cruncher (level 12, -10/96 HPs)
             Began as a Formicid Fighter on Apr 17, 2019.
             Was a High Priest of Okawaru.
             Killed by the air
             ... invoked by Gastronok
              (12 damage)
             ... on level 2 of the Lair of Beasts.
             The game lasted 00:17:53 (10049 turns).

Kairos the Cruncher (Formicid Fighter)             Turns: 10049, Time: 00:17:54

Health: -10/96     AC: 14    Str: 26    XL:     12   Next: 29%
Magic:  12/12      EV:  9    Int: 19    God:    Okawaru [*****.]
Gold:   562        SH: 17    Dex: 10    Spells: 11/11 levels left

rFire    + . .     SeeInvis +   a - +2 quarterstaff
rCold    x . .     Gourm    .   c - +0 shield
rNeg     + . .     Faith    .   D - +1 chain mail of Leaves {rPois Int+5 Stlth+}
rPois    +         Spirit   .   (helmet unavailable)
rElec    .         Reflect  +   (no cloak)
rCorr    .         Harm     .   o - +0 pair of gloves
MR       +....                  j - +0 pair of boots of the Lonely Emperors {rPois rC- Str+2 Int+4} (curse)
Stlth    ..........             u - +4 amulet of reflection
HPRegen  0.26/turn              t - ring of protection from fire
MPRegen  0.13/turn              i - ring of positive energy

@: no status effects
A: permanent stasis, dig shafts and tunnels, four strong arms, antennae 3
a: Dig, Shaft Self, Heroism, Finesse, Renounce Religion


You were on level 2 of the Lair of Beasts.
You worshipped Okawaru.
Okawaru was extremely pleased with you.
You were hungry.

You visited 3 branches of the dungeon, and saw 13 of its levels.

You collected 562 gold pieces.

Inventory:

Hand Weapons
 a - a +2 quarterstaff (weapon)
Armour
 c - a +0 shield (worn)
 h - a +0 plate armour
 j - the cursed +0 pair of boots of the Lonely Emperors (worn) {rPois rC- Str+2 Int+4}
   (You found it on level 6 of the Dungeon)

   It affects your strength (+2).
   It affects your intelligence (+4).
   It makes you vulnerable to cold.
   It protects you from poison.
   It has a curse placed upon it.
 o - a +0 pair of gloves (worn)
 r - a +2 pair of boots
 D - the +1 chain mail of Leaves (worn) {rPois Int+5 Stlth+}
   (Okawaru gifted it to you on level 1 of the Lair of Beasts)

   It affects your intelligence (+5).
   It protects you from poison.
   It makes you more stealthy.
Jewellery
 e - an uncursed amulet of the acrobat
 i - a ring of positive energy (right hand)
 k - an uncursed ring of magical power
 t - a ring of protection from fire (left hand)
 u - a +4 amulet of reflection (around neck)
 x - an uncursed ring of positive energy
Wands
 y - a wand of clouds (9)
 E - a wand of random effects (14)
 F - a wand of acid (6)
Scrolls
 g - 7 scrolls of remove curse
 m - a scroll of fear
 w - a scroll of enchant armour {unknown}
 z - 2 scrolls of amnesia
 A - a scroll of vulnerability {unknown}
 B - 4 scrolls of identify
 G - a scroll of fog {unknown}
Potions
 b - a potion of cancellation
 d - 2 potions of might
 l - 4 potions of heal wounds
 n - 7 potions of curing
 p - 2 potions of flight
 q - 3 potions of agility
 s - 2 potions of lignification
 v - 5 potions of brilliance
 C - a potion of invisibility
Comestibles
 f - 14 rations


   Skills:
 + Level 9.6 Fighting
 + Level 12.4 Staves
 + Level 7.7 Armour
 + Level 1.0 Dodging
 + Level 2.6 Stealth
 + Level 11.7 Shields
 + Level 0.3 Invocations
 + Level 0.2 Evocations


You had 11 spell levels left.
You didn't know any spells.
Your spell library was empty.

Dungeon Overview and Level Annotations

Branches:
Dungeon (10/15)            Temple (1/1) D:7            Lair (2/6) D:8
  Swamp: Lair:2-4    Shoals: Lair:2-4     Snake: Lair:2-4    Spider: Lair:2-4
    Orc: D:9-12

Altars:
Ashenzari
Cheibriados
Dithmenos
Elyvilon
Fedhas
Gozag
Hepliaklqana
Kikubaaqudgha
Makhleb
Nemelex Xobeh
Okawaru
Qazlal
Ru
Sif Muna
Trog
Uskayaw
Vehumet
Wu Jian
Xom
Yredelemnul
Zin
The Shining One

Annotations:
Lair:2 Gastronok


Innate Abilities, Weirdness & Mutations

You cannot be hasted, slowed, berserked, paralysed or teleported.
You can dig through walls and to a lower floor.
Your four strong arms can wield two-handed weapons with a shield.
You have a pair of large antennae on your head. (SInv)


Message History

The bolt of acid hits Gastronok!
Gastronok is splashed with acid.
The acid corrodes Gastronok!
Gastronok is heavily wounded.
Gastronok bites you!
* * * LOW HITPOINT WARNING * * *
Okay, then.
Gastronok chants a spell, wobbling all the while.
You feel sluggish.
You extend your mandibles.
You dig through the rock wall.
You retract your mandibles.
You see here a spiny frog corpse.
You extend your mandibles.
You dig through the rock wall.
Gastronok is no longer covered in acid.
Gastronok's eyestalks quiver as he mumbles some strange words.
You feel a sudden, passing aversion to salt.
You dig through the rock wall.
Gastronok waves his eye-stalks in wide circles.
The air twists around and strikes you!
You die...

...........††.........#..##
...............P..........#
#..#...........#..........#
.#.........#...#......#..##
.#.P.......#...PP.P#+.#..##
.#.#.......#..............#
...#...<.................##
...........#.#....##.....#
.#...........##P@####....#
.#...........P#.## ##....#
....#.##.#P..#.#.# #.....#
.#..########..#†#####....#
.....####.##.##.#..##....#
....###P..#.w............#
...........................#
####.####.##########P#P##.##
#.#. ### ##### ##


You could see Gastronok.

Vanquished Creatures
  Harold (D:8)
  A hydra (Lair:1)
  A two-headed ogre (D:10)
  Sonja (Lair:1)
  A black mamba (Lair:1)
  3 spiny frogs
  2 gargoyles (D:10)
  A troll (D:9)
  5 hippogriffs
  A human (D:9)
  3 hogs (D:9)
  18 yaks
  A hungry ghost (D:10)
  Edmund (D:5)
  2 water moccasins
  2 sky beasts
  An ice beast (D:7)
  3 orc warriors
  A porcupine (Lair:2)
  2 ogres
  4 phantoms
  A centaur (D:10)
  2 crocodiles
  7 bullfrogs
  Blork the orc (D:4)
  A gnoll sergeant (D:10)
  A scorpion (D:7)
  9 killer bees
  5 wights (D:9)
  3 howler monkeys (D:7)
  2 crimson imps
  2 bullfrog zombies
  A centaur zombie (D:5)
  2 jellies
  7 hounds
  4 orc priests
  2 bullfrog skeletons
  A centaur skeleton (D:7)
  12 orc wizards
  2 iguanas
  8 worker ants
  A killer bee zombie (D:9)
  2 hound zombies
  A worker ant zombie (D:10)
  12 gnolls
  11 adders
  A shadow imp (D:5)
  2 oozes
  An adder zombie (D:7)
  A worm (D:3)
  4 leopard geckos
  45 orcs
  3 ball pythons
  A giant cockroach (D:5)
  11 goblins
  5 hobgoblins
  4 jackals (D:2)
  4 quokkas
  5 bats
  9 frilled lizards
  10 kobolds
  A quokka skeleton (D:4)
  2 quokka zombies
  12 rats
276 creatures vanquished.

Vanquished Creatures (others)
  A centaur (D:6)
  A goblin (D:9)
  A plant (Lair:2)
3 creatures vanquished.

Grand Total: 279 creatures vanquished

Notes
Turn   | Place    | Note
-------+----------+-------------------------------------------
     0 | D:1      | Kairos the Formicid Fighter began the quest for the Orb.
     0 | D:1      | Reached XP level 1. HP: 18/18 MP: 1/1
    81 | D:1      | Reached XP level 2. HP: 12/24 MP: 2/2
   822 | D:2      | Found a faded altar of an unknown god.
  1166 | D:2      | Reached XP level 3. HP: 25/29 MP: 3/3
  1858 | D:2      | Reached XP level 4. HP: 36/36 MP: 4/4
  2266 | D:3      | Reached XP level 5. HP: 39/42 MP: 5/5
  2439 | D:3      | Reached skill level 3 in Staves
  2849 | D:4      | Reached XP level 6. HP: 29/48 MP: 6/6
  2864 | D:4      | Reached skill level 5 in Shields
  3103 | D:4      | Noticed an ogre
  3109 | D:4      | Killed an ogre
  3109 | D:4      | Reached skill level 4 in Staves
  3109 | D:4      | Reached XP level 7. HP: 55/55 MP: 7/7
  3163 | D:4      | Reached skill level 1 in Stealth
  3298 | D:4      | Noticed Blork the orc
  3313 | D:4      | Killed Blork the orc
  3379 | D:5      | Entered Level 5 of the Dungeon
  3379 | D:5      | Noticed Edmund
  3462 | D:5      | Found a blossoming altar of Fedhas.
  3522 | D:5      | Reached skill level 5 in Staves
  3549 | D:5      | Killed Edmund
  3549 | D:5      | Reached XP level 8. HP: 45/61 MP: 8/8
  3628 | D:5      | Reached skill level 6 in Staves
  3952 | D:6      | Got a pair of smoking boots
  3963 | D:6      | Identified the cursed +0 pair of boots of the Lonely
                  | Emperors {rPois rC- Str+2 Int+4} (You found it on level 6
                  | of the Dungeon)
  4000 | D:6      | Reached skill level 5 in Fighting
  4326 | D:6      | Reached skill level 5 in Armour
  4386 | D:6      | Reached skill level 7 in Staves
  4452 | D:6      | Reached XP level 9. HP: 65/68 MP: 9/9
  4895 | D:7      | You fall through a shaft!
  4966 | D:8      | Noticed Harold
  4985 | D:8      | Killed Harold
  4985 | D:8      | Reached skill level 8 in Staves
  5157 | D:7      | Reached skill level 9 in Staves
  5216 | D:7      | Reached XP level 10. HP: 75/77 MP: 10/10
  5256 | D:7      | Found a staircase to the Ecumenical Temple.
  5450 | Temple   | Entered the Ecumenical Temple
  5801 | D:8      | Found an iron altar of Okawaru.
  5844 | D:8      | Became a worshipper of Warmaster Okawaru
  6058 | D:8      | Found a staircase to the Lair.
  6388 | D:9      | Reached skill level 10 in Staves
  6394 | D:9      | Reached * piety under Okawaru
  6542 | D:9      | Found an ancient bone altar of Kikubaaqudgha.
  6680 | D:9      | Reached ** piety under Okawaru
  6699 | D:9      | Reached skill level 10 in Shields
  7165 | D:10     | Entered Level 10 of the Dungeon
  7219 | D:10     | Reached XP level 11. HP: 77/84 MP: 11/11
  7332 | D:10     | Reached skill level 11 in Staves
  7874 | D:10     | Reached *** piety under Okawaru
  7963 | D:10     | Noticed a two-headed ogre
  7978 | D:10     | Killed a two-headed ogre
  8033 | D:10     | Reached **** piety under Okawaru
  8263 | Lair:1   | Entered Level 1 of the Lair of Beasts
  8531 | Lair:1   | Reached skill level 12 in Staves
  8861 | Lair:1   | Reached ***** piety under Okawaru
  8861 | Lair:1   | Reached XP level 12. HP: 20/95 MP: 12/12
  9048 | Lair:1   | Noticed a four-headed hydra
  9055 | Lair:1   | Killed a four-headed hydra
  9378 | Lair:1   | Received a gift from Okawaru
  9380 | Lair:1   | Noticed Sonja
  9400 | Lair:1   | Killed Sonja
  9400 | Lair:1   | Reached skill level 1 in Dodging
  9412 | Lair:1   | Got a brightly glowing chain mail {god gift}
  9423 | Lair:1   | Identified the +1 chain mail of Leaves {rPois Int+5 Stlth+}
                  | (Okawaru gifted it to you on level 1 of the Lair of Beasts)
  9970 | Lair:2   | Noticed Gastronok
 10043 | Lair:2   | HP: 1/96 [Gastronok (14)]
 10049 | Lair:2   | Killed from afar by Gastronok

Skill      XL: |  1  2  3  4  5  6  7  8  9 10 11 12 |
---------------+-------------------------------------+-----
Shields        | 4 5 6 8 10 11 | 11.7
Fighting       | 4 5 6 7 9 |  9.6
Armour         | 4 5 6 7 |  7.7
Staves         | 3 4 5 7 9 10 12 | 12.4
Stealth        | 2 |  2.6
Dodging        | 1 |  1.0
Invocations    | |  0.3
Evocations     | |  0.2

Action                   |  1- 3 |  4- 6 |  7- 9 | 10-12 || total
-------------------------+-------+-------+-------+-------++-------
Melee: Quarterstaff      |   103 |   138 |   343 |   712 ||  1296
Invok: Heroism           |       |       |       |     3 ||     3
 Abil: Dig               |       |     1 |     7 |    12 ||    20
Evoke: Wand              |       |       |       |    13 ||    13
  Use: Potion            |     5 |       |       |       ||     5
       Scroll            |     4 |     3 |     4 |     5 ||    16
  Eat: Chunk             |     3 |     4 |     8 |    12 ||    27
       Ration            |       |       |       |     2 ||     2
Armor: Scale mail        |    16 |       |       |       ||    16
       Plate armour      |    44 |    79 |   115 |   151 ||   389
       Chain mail        |       |       |       |     4 ||     4
Dodge: Dodged            |    25 |    28 |    53 |    73 ||   179
Block: Shield            |    80 |    64 |   203 |   400 ||   747
       Reflection        |       |       |     7 |     5 ||    12
